 Dungeon Crawl Stone Soup version 0.25-a0-167-g836c352ace (webtiles) character file.

Game seed: 13141710879858286300, levelgen mode: deterministic

66 D1HalberdGnoll the Digger (level 3, 0/28 HPs)
             Began as a Draconian Earth Elementalist on Nov 25, 2019.
             Slain by Crazy Yiuf
             ... wielding a +2 quarterstaff of chaos
              (4 damage)
             ... on level 2 of the Dungeon.
             The game lasted 00:02:02 (1860 turns).

D1HalberdGnoll the Digger (DrEE)                    Turns: 1860, Time: 00:02:02

Health: 0/28       AC:  5    Str: 10    XL:     3   Next: 96%
Magic:  2/6        EV: 12    Int: 16    God:
Gold:   47         SH:  0    Dex: 11    Spells: 5/6 levels left

rFire    . . .     SeeInvis .   h - +2 mace (protect)
rCold    . . .     Gourm    .   (no shield)
rNeg     . . .     Faith    .   (armour unavailable)
rPois    .         Spirit   .   (helmet restricted)
rElec    .         Reflect  .   (no cloak)
rCorr    .         Harm     .   (no gloves)
MR       .....                  (no boots)
Stlth    ++........             (no amulet)
HPRegen  0.09/turn              (no ring)
MPRegen  0.10/turn              (no ring)

@: slowed, lightly drained, very slow
A: unfitting armour, cold-blooded, AC +5
a: no special abilities


You were on level 2 of the Dungeon.
You were not hungry.

You visited 1 branch of the dungeon, and saw 2 of its levels.

You collected 47 gold pieces.

Inventory:

Hand Weapons
 h - a +2 mace of protection (weapon)
   (You found it on level 1 of the Dungeon)
Missiles
 b - 59 stones (quivered)
 j - 8 poisoned darts
Scrolls
 a - 6 scrolls of identify {unknown}
 c - a scroll of remove curse {unknown}
 g - 2 scrolls of fog {unknown}
 k - a scroll of enchant weapon {unknown}
Potions
 d - a potion of invisibility {unknown}
 f - a potion of mutation {unknown}
 i - a potion of ambrosia {unknown}
Comestibles
 e - 3 rations {!d}


   Skills:
 + Level 1.4(1.1) Fighting
 + Level 2.3(1.9) Dodging
 - Level 1.7(1.4) Stealth
 + Level 2.4(2.0) Spellcasting
   Level 1.0(0.6) Transmutations
 * Level 3.9(3.5) Earth Magic


You had 5 spell levels left.
You knew the following spells:

 Your Spells              Type           Power        Failure   Level  Hunger
a - Sandblast             Erth           ##....       4%          1    #......

Your spell library contained the following spells:

 Spells                   Type           Power        Failure   Level  Hunger
 Passwall                 Tmut/Erth      #.......     13%         2    ###....
 Stone Arrow              Conj/Erth      #.....       30%         3    ###....
 Petrify                  Tmut/Erth      #.......     65%         4    #####..
 Lee's Rapid Deconstruct  Erth           ##........   80%         5    ######.


Dungeon Overview and Level Annotations

Branches:
Dungeon (2/15)

Altars:

Annotations:
D:2 Crazy Yiuf


Innate Abilities, Weirdness & Mutations

Your plain brown scales are hard. (AC +5)
You cannot fit into any form of body armour.
You are cold-blooded and may be slowed by cold attacks.


Message History

b - 65 stones
Aim: a worm (moderately wounded)
The blast of sand hits the worm!
b - 64 stones
Aim: a worm (severely wounded)
The blast of sand hits the worm!
You kill the worm!
b - 63 stones You don't have enough magic to cast that spell.
You start resting.
You start resting.
You start waiting.
You are feeling very hungry.
You butcher the leopard gecko corpse.
l - a chunk of flesh You see here a leopard gecko skeleton. x2
Eating a chunk of flesh.
You eat the chunk of flesh.
You butcher the worm corpse.
l - 2 chunks of flesh You see here a leopard gecko skeleton.
You see here a leopard gecko skeleton.
Found a mace.
You open the door.
Aim: Crazy Yiuf, wielding a +2 quarterstaff of chaos and wearing a +0 cloak The blast of sand hits Crazy Yiuf.
b - 62 stones Crazy Yiuf misses you.
Aim: Crazy Yiuf, wielding a +2 quarterstaff of chaos and wearing a +0 cloak (lightly wounded)
The blast of sand hits Crazy Yiuf.
b - 61 stones Crazy Yiuf hits you with a +2 quarterstaff of chaos!
You feel drained.
* * * LOW HITPOINT WARNING * * *
You aren't carrying any items that you can evoke.
Okay, then.
Aim: Crazy Yiuf, wielding a +2 quarterstaff of chaos and wearing a +0 cloak (moderately wounded)
The blast of sand hits Crazy Yiuf!
b - 60 stones Crazy Yiuf whimpers, "Trifle koolooloo forty-two!"
Crazy Yiuf hits you with a +2 quarterstaff of chaos.
* * * LOW HITPOINT WARNING * * *
You feel yourself slow down. Crazy Yiuf freezes you.
* * * LOW HITPOINT WARNING * * *
All of the chunks of flesh in your inventory have rotted away.
Aim: Crazy Yiuf, wielding a +2 quarterstaff of chaos and wearing a +0 cloak (severely wounded)
The blast of sand hits Crazy Yiuf.
b - 59 stones Crazy Yiuf hits you with a +2 quarterstaff of chaos.
You die...

######.####
#...##
..........#
#....#
#.......###
##..##
##.###....#
♣....♣ ...#
#..###
♣♣...♣ ####
#...# ♣♣.♣♣
#...## ♣♣.♣
##...# ♣.♣♣
#######...#
♣♣@♣
>........##
♣g♣♣
.########.#
#'# .# #.##
... .# ##.#
#...# .#
### #)..#
.# ##### .#
.# #######


You could see Crazy Yiuf.

Vanquished Creatures
  2 adders (D:2)
  An ooze (D:2)
  A worm (D:2)
  A dart slug (D:1)
  A leopard gecko (D:2)
  4 bats
  4 giant cockroaches
  5 goblins
  4 hobgoblins
  4 jackals (D:1)
  A frilled lizard (D:2)
  A kobold (D:2)
  7 rats
36 creatures vanquished.

Notes
Turn   | Place    | Note
-------+----------+-------------------------------------------
     0 | D:1      | D1HalberdGnoll the Draconian Earth Elementalist began the
                  | quest for the Orb.
     0 | D:1      | Reached XP level 1. HP: 14/14 MP: 3/3
   147 | D:1      | Reached XP level 2. HP: 22/22 MP: 1/5
   405 | D:1      | Reached skill level 1 in Fighting
  1021 | D:2      | Reached XP level 3. HP: 28/28 MP: 6/6
  1851 | D:2      | Found a runed translucent door.
  1852 | D:2      | Noticed Crazy Yiuf
  1860 | D:2      | Slain by Crazy Yiuf

Levels and vault maps discovered:
D:1:      lemuel_arrival_broad_hall, layout_basic, minmay_small_reverse_x
D:2:      layout_loops_ring, uniq_crazy_yiuf_cottage

Skill      XL: |  1  2 |
---------------+-------+-----
Dodging        | 2 |  2.3
Fighting       | 1 |  1.4
Stealth        | |  1.7
Spellcasting   | |  2.4
Transmutations | |  1.0
Earth Magic    | |  3.9

Action                   || total
-------------------------++-------
Melee: Unarmed           ||    12
       Tailslap          ||     5
       Mace              ||    38
 Cast: Sandblast         ||    37
  Eat: Chunk             ||     3
Armor: Skin              ||    21
Dodge: Dodged            ||    55

Table legend:
 A = Non-vault XP
 B = Vault XP
 C = Vault XP percentage of total XP
 D = Non-vault monster count
 E = Vault monster count
 F = Vault count percentage of total count
                 A         B        C        D         E       F
            +---------+---------+-------+---------+---------+-------
      Total |      88 |       7 |   7.4 |      32 |       4 |  11.1
            +---------+---------+-------+---------+---------+-------
        D:1 |      32 |       7 |  17.9 |      17 |       4 |  19.0
        D:2 |      56 |       0 |   0.0 |      15 |       0 |   0.0
            +---------+---------+-------+---------+---------+-------
